 Dungeon Crawl Stone Soup version 0.16.2-2-g470672f (webtiles) character file.

49 dvd the Shooter (level 3, 0/42 HPs)
             Began as a Centaur Arcane Marksman on Sept 4, 2015.
             Succumbed to an adder's poison
             ... on level 2 of the Dungeon.
             The game lasted 00:09:31 (1341 turns).

dvd the Shooter (Centaur Arcane Marksman)           Turns: 1341, Time: 00:09:31

Health: 0/42       AC: 21    Str: 13    XL:     3   Next: 51%
Magic:  4/4        EV:  1    Int: 12    God:
Gold:   77         SH:  0    Dex:  9    Spells: 1 memorised, 3 levels left

rFire  + . .     SeeInvis .     (no weapon)
rCold  + . .     Clarity  .     g - melded +0 robe
rNeg   + + +     SustAb   .     (no shield)
rPois  +         Gourm    .     (helmet currently unavailable)
rElec  +         Spirit   .     (cloak currently unavailable)
rCorr  +         Warding  .     (gloves currently unavailable)
rMut   .         NoTele   +     (no barding)
MR     .....                    (no amulet)
Stlth  +.........               (no ring)
                                q - ring of wizardry

@: lethally poisoned (0 -> -2), tree-form, resistant, invisible, not resistant
to hostile enchantments, very unstealthy
A: (hooves 0), (deformed body), (speed 0), (tough skin 0)
a: no special abilities


You were on level 2 of the Dungeon.
You were not hungry.
You were a tree.
You visited 1 branch of the dungeon, and saw 2 of its levels.

You collected 77 gold pieces.

Inventory:

Hand weapons
 b - a +0 shortbow
 t - a +2 vampiric short sword
Missiles
 p - 3 arrows
 r - 23 bolts
Armour
 a - a +0 robe
 g - a +0 robe (melded)
Jewellery
 q - a ring of wizardry (left branch)
Scrolls
 c - a scroll of teleportation {unknown}
 h - a scroll of identify {unknown}
 i - 5 scrolls of blinking {unknown}
 n - a scroll of magic mapping {unknown}
 s - a scroll of immolation {unknown}
Potions
 e - a potion of flight
Books
 d - a book of Debilitation

   Spells                             Type                      Level
   a - Corona                         Hexes                        1
   b - Slow                           Hexes                        2
   c - Inner Flame                    Hexes/Fire                   3
   d - Enslavement                    Hexes                        4
   e - Cause Fear                     Hexes                        4
   f - Leda's Liquefaction            Hexes/Earth                  4
Comestibles
 f - a bread ration


   Skills:
 + Level 1.2 Fighting
 + Level 4.0 Bows
 + Level 1.9 Dodging
 + Level 1.0 Spellcasting
 + Level 3.1 Hexes


You had 3 spell levels left.
You knew the following spells:

 Your Spells              Type           Power        Failure   Level  Hunger
a - Corona                Hex            #......      4%          1    ##.....


Dungeon Overview and Level Annotations

Branches:
Dungeon (2/15)

Altars:


Innate Abilities, Weirdness & Mutations

((You have hooves in place of feet.))
((Armour fits poorly on your strangely shaped body.))
((You cover ground very quickly.))
((You have extremely tough skin (AC +3).))


Message History

The adder is heavily wounded.
The adder bites you but does no damage.
You hit the adder.
The adder is severely wounded.
The adder bites you but does no damage.
You smack the adder!
You kill the adder!
Your Bows skill increases to level 4!
* * * LOW HITPOINT WARNING * * *
You feel sick.
Unknown command.
There is a lethal amount of poison in your body!
Drink which item? (? for menu, Esc to quit)
It was a potion of magic.
Magic courses through your body.
Drink which item? (? for menu, Esc to quit)
It was a potion of restore abilities.
You feel refreshed.
Drink which item? (? for menu, Esc to quit)
It was a potion of invisibility.
You fade into invisibility!
You die...

.#(....
...♣. ....
### #..
...#
#.##....##
#<........
#>##....##
#.# ...
#♣# . #.#
#.# #.#
#.. #.#
... #.#
#.#


There were no monsters in sight!

Vanquished Creatures
  An adder (D:2)
  A giant mite (D:1)
  2 ball pythons (D:1)
  4 giant cockroaches (D:1)
  6 hobgoblins (D:1)
  3 kobolds (D:1)
  A bat (D:1)
  4 giant newts (D:1)
  4 goblins (D:1)
  2 jackals (D:1)
  7 rats (D:1)
35 creatures vanquished.

Notes
Turn   | Place    | Note
--------------------------------------------------------------
     0 | D:1      | dvd, the Centaur Arcane Marksman, began the quest for the Orb.
     0 | D:1      | Reached XP level 1. HP: 16/16 MP: 2/2
   238 | D:1      | Reached skill level 3 in Hexes
   284 | D:1      | Reached XP level 2. HP: 21/23 MP: 0/3
   551 | D:1      | Reached XP level 3. HP: 7/28 MP: 4/4
  1334 | D:2      | HP: 1/28 [poisoned by an adder]
  1338 | D:2      | Reached skill level 4 in Bows
  1341 | D:2      | Succumbed to an adder's poison

Action                   || total
-------------------------++-------
Melee: Unarmed           ||    49
 Fire: Shortbow          ||   105
 Cast: Corona            ||     7
  Use: Potion            ||     6
  Eat: Chunk             ||     1
